 Dungeon Crawl Stone Soup version 0.29.1-2-gbd0b4ee654 (webtiles) character file.

Game seed: 13598626671357017920

1707 Rickard the Arsonist (level 8, -6/41 HPs)
             Began as a Deep Elf Fire Elementalist on Nov 27, 2022.
             Was a Follower of Vehumet.
             Mangled by a gnoll sergeant
             ... wielding a +0 glaive
              (8 damage)
             ... in a bailey.
             The game lasted 00:37:48 (8274 turns).

Rickard the Arsonist (Deep Elf Fire Elementalist)   Turns: 8274, Time: 00:37:48

Health: -6/41      AC:  6    Str:  5    XL:     8   Next: 73%
Magic:  10/21      EV: 13    Int: 23    God:    Vehumet [*.....]
Gold:   233        SH:  0    Dex: 18    Spells: 12/22 levels left

rFire   + . .      SeeInvis .   m - +0 short sword (venom)
rCold   . . .      Faith    .   (no shield)
rNeg    . . .      Spirit   .   a - +0 robe
rPois   .          Reflect  .   y - +0 hat
rElec   .          Harm     .   i - +0 cloak
rCorr   .          Rampage  .   c - +2 pair of gloves {Dex+3}
Will    .....                   (no boots)
Stlth   ++........              (no amulet)
HPRegen 0.13/turn               d - ring of protection from fire
MPRegen 0.17/turn               (no ring)

@: no status effects
A: sense surroundings 1
a: Renounce Religion


You were in a bailey.
You worshipped Vehumet.
Vehumet was aware of your devotion.
You visited 1 branch of the dungeon, and saw 7 of its levels.
You also visited: Bailey.

You collected 233 gold pieces.

Inventory:

Hand Weapons
 m - a +0 short sword of venom (weapon)
 K - a +2 vorpal glaive
Missiles
 j - 5 silver boomerangs
 M - a throwing net
Armour
 a - a +0 robe (worn)
 c - a +2 pair of gloves of dexterity (worn)
 i - a +0 cloak (worn)
 s - a +0 buckler
 y - a +0 hat (worn)
Magical Staves
 I - a staff of air
Jewellery
 d - a ring of protection from fire (left hand)
 E - a ring of poison resistance
 H - a ring of see invisible
Scrolls
 e - a scroll of summoning
 n - a scroll of magic mapping {unknown}
 o - a scroll of teleportation {unknown}
 p - 2 scrolls of noise {unknown}
 r - a scroll of enchant armour {unknown}
 u - a scroll of blinking {unknown}
 v - 11 scrolls of identify {unknown}
 x - a scroll of immolation {unknown}
 A - a scroll of poison {unknown}
 D - a scroll of enchant weapon {unknown}
 F - 3 scrolls of fear {unknown}
 G - a scroll of torment {unknown}
Potions
 b - 2 potions of magic
 f - 3 potions of mutation
 g - a potion of might
 h - a potion of flight {unknown}
 k - 2 potions of curing
 l - 2 potions of invisibility {unknown}
 q - a potion of lignification {unknown}
 t - a potion of resistance {unknown}
 w - a potion of experience {unknown}
 z - a potion of cancellation {unknown}
 B - a potion of berserk rage {unknown}
 C - a potion of haste {unknown}
 J - 2 potions of attraction {unknown}
 L - a potion of brilliance {unknown}


   Skills:
 - Level 2.4 Dodging
 - Level 2.4 Stealth
 + Level 7.5 Spellcasting
 - Level 8.0 Conjurations
 - Level 8.0 Fire Magic


You had 12 spell levels left.
You knew the following spells:

 Your Spells              Type           Power      Damage    Failure   Level
a - Foxfire               Conj/Fire      100%       2x1d9     1%          1
b - Conjure Flame         Conj/Fire      45%        6-21      1%          3
c - Scorch                Fire           90%        2d10      1%          2
d - Flame Wave            Conj/Fire      45%        2d12      2%          4

Your spell library contained the following spells:

 Spells                   Type           Power      Damage    Failure   Level
 Sandblast                Erth           16%        2d6       8%          1
 Inner Flame              Hex/Fire       27%        N/A       4%          3
 Sublimation of Blood     Necr           8%         N/A       11%         2
 Irradiate                Conj/Tmut      13%        3d16      36%         5
 Petrify                  Tmut/Erth      8%         N/A       58%         4
 Summon Cactus Giant      Summ           4%         N/A       100%        6


Dungeon Overview and Level Annotations

Branches:
Dungeon (7/15)             Temple (0/1) D:5          Bailey (1/1)

Altars:
Elyvilon
Fedhas
Gozag
Hepliaklqana
Okawaru
Qazlal
Sif Muna
Trog
Vehumet
Yredelemnul
Zin

Annotations:
D:2 Sigmund


Innate Abilities, Weirdness & Mutations

You passively map a small area around you.


Message History

The gnoll bouda misses you.
You hear a shout!
The gnoll sergeant hits you from afar with a +0 glaive!
* * * LOW HITPOINT WARNING * * *
The gnoll bouda calls upon its god to heal the gnoll sergeant.
The gnoll sergeant is healed somewhat.
Okay, then.
Unknown command.
Casting: Flame Wave (dangerous; 2% risk of failure)
Confirm with . or Enter, or press ? or * to list all spells.
Okay, then.
The gnoll sergeant hits you but does no damage.
Casting: Flame Wave (dangerous; 2% risk of failure)
Confirm with . or Enter, or press ? or * to list all spells.
Flames lash the gnoll sergeant but do no damage.
The gnoll sergeant hits you from afar with a +0 glaive!
* * * LOW HITPOINT WARNING * * *
The gnoll bouda utters an invocation to its god.
The gnoll bouda is healed somewhat.
There is an open gate here.
Your attacks no longer feel as feeble.
The gnoll sergeant misses you.
The gnoll bouda calls upon its god to heal the gnoll sergeant.
The gnoll sergeant is healed somewhat.
The gnoll sergeant hits you from afar with a +0 glaive.
* * * LOW HITPOINT WARNING * * *
Things that are here:
a +0 halberd; a +0 chain mail; a gnoll skeleton The gnoll sergeant is no longer moving quickly.
Items here: )) [[.
You see here a hound skeleton.
There is an empty arch of ancient stone here.
The gnoll bouda gazes fiercely through you!
You feel your attacks grow feeble.
The gnoll bouda barks out a call to the hunt!
The gnoll sergeant picks up the pace!
There is a gate leading back out of this place here.
Your attacks no longer feel as feeble.
The gnoll sergeant hits you from afar with a +0 glaive!
You die...

♣♣≈≈...# * ♣♣♣
♣.≈..###,8,
#♣♣.♣♣♣.≈..#, , ,
#....♣..≈..#
#.......≈..# *,
#.......≈..# ,
#.......≈..##### .
#......÷...'...#..
#@.g∩÷g)...'...').
#..........'...#..
#.......≈..##### .
#.......≈..#,+ *
#.......≈..#,*, *
#.......≈..# ,
#..♣....≈..#,
#♣♣.♣.♣.≈..# ,8 *
♣♣≈≈.. *


You could see a gnoll sergeant (swift) and a gnoll bouda.

Vanquished Creatures
  An orc warrior (D:7)
  A black bear (D:5)
  A sky beast (D:7)
  A centaur (D:5)
  A kobold brigand (D:6)
  A phantom (D:5)
  A bullfrog (D:6)
  A gnoll sergeant (Bailey)
  2 scorpions (D:6)
  A gnoll bouda (D:6)
  3 orc priests
  6 hounds
  Jessica (D:2)
  3 iguanas (D:5)
  7 orc wizards
  Terence (D:3)
  A mummy (D:5)
  10 gnolls
  11 adders
  2 ufetubi
  3 worms
  3 dart slugs
  16 orcs
  7 ball pythons
  4 bats
  11 endoplasms
  11 giant cockroaches
  5 hobgoblins
  4 jackals
  13 kobolds
  A quokka (D:1)
  2 frilled lizards
  9 goblins
  2 goblin zombies (D:5)
  9 rats
156 creatures vanquished.

Vanquished Creatures (others)
  333 foxfires
333 creatures vanquished.

Grand Total: 489 creatures vanquished

Notes
Turn   | Place    | Note
-------+----------+-------------------------------------------
     0 | D:1      | Rickard the Deep Elf Fire Elementalist began the quest for
                  | the Orb.
     0 | D:1      | Reached XP level 1. HP: 10/10 MP: 6/6
   108 | D:1      | Reached XP level 2. HP: 15/15 MP: 4/8
   758 | D:1      | Reached XP level 3. HP: 13/19 MP: 4/9
  1074 | D:1      | Found a faded altar of an unknown god.
  1418 | D:2      | Noticed Jessica
  1430 | D:2      | Killed Jessica
  1431 | D:2      | Reached XP level 4. HP: 21/24 MP: 4/12
  1582 | D:2      | Learned a level 3 spell: Conjure Flame
  1858 | D:2      | Noticed Sigmund
  2428 | D:3      | Reached skill level 5 in Fire Magic
  2474 | D:3      | Reached XP level 5. HP: 28/28 MP: 11/14
  2553 | D:3      | Noticed Terence
  2574 | D:3      | Killed Terence
  2575 | D:3      | Reached skill level 5 in Spellcasting
  2761 | D:3      | Found a radiant altar of Vehumet.
  2771 | D:3      | Became a worshipper of Vehumet
  3098 | D:3      | Found a basalt altar of Yredelemnul.
  3363 | D:4      | Learned a level 2 spell: Scorch
  3479 | D:4      | Found a hazy altar of Hepliaklqana.
  3743 | D:3      | HP: 1/28 [gnoll/+0 club (3)]
  4139 | D:4      | Reached XP level 6. HP: 28/32 MP: 11/17
  4388 | D:4      | Reached * piety under Vehumet
  4388 | D:4      | Offered knowledge of Sandblast by Vehumet.
  4716 | D:5      | Entered Level 5 of the Dungeon
  5294 | D:5      | Reached XP level 7. HP: 12/36 MP: 14/18
  5622 | D:5      | Found a staircase to the Ecumenical Temple.
  6053 | D:5      | Found a faded altar of an unknown god.
  6053 | D:5      | Found a blossoming altar of Fedhas.
  6108 | D:5      | Found a shimmering blue altar of Sif Muna.
  6123 | D:5      | Found an iron altar of Okawaru.
  6125 | D:5      | Found a faded altar of an unknown god.
  6770 | D:6      | Reached skill level 5 in Conjurations
  6777 | D:6      | Reached XP level 8. HP: 41/41 MP: 11/19
  6890 | D:6      | Found a white marble altar of Elyvilon.
  6955 | D:6      | Found a glowing silver altar of Zin.
  6955 | D:6      | Found an opulent altar of Gozag.
  7004 | D:6      | Found a stormy altar of Qazlal.
  7037 | D:6      | Gained mutation: You are weak. (Str -2) [potion of
                  | mutation]
  7037 | D:6      | Lost mutation: You are weak. (Str -2) [potion of mutation]
  7037 | D:6      | Gained mutation: You passively map a small area around you.
                  | [potion of mutation]
  7206 | D:6      | Found a bloodstained altar of Trog.
  7628 | D:7      | Noticed a six-headed hydra
  7934 | D:7      | Learned a level 4 spell: Flame Wave
  8039 | D:7      | Found a flagged portal.
  8048 | Bailey   | Entered a bailey
  8261 | Bailey   | HP: 1/41 [gnoll sergeant/+0 glaive (8)]
  8267 | Bailey   | HP: 1/41 [gnoll sergeant/+0 glaive (1)]
  8274 | Bailey   | Mangled by a gnoll sergeant

Illustrated notes

Levels and vault maps discovered:
D:1:      minmay_arrival_four_houses, layout_loops_corners,
          shapermc_ecumenical_altar_petra, minmay_heptomino_o4
D:2:      minmay_alternating_diamond, layout_loops_ring, uniq_sigmund,
          uniq_jessica
D:3:      layout_loops_ring, lemuel_coloured_pillars_altar, lemuel_round_altar,
          uniq_terence
D:4:      layout_cave_pods, nicolae_overflow_hidden_temple, st_stairs_3
D:5:      layout_basic, chequers_temple_overflow_minitemple,
          minmay_temple_entry_wispy, nicolae_ossuary_entry_giza
D:6:      layout_rooms, grunt_temple_overflow_gold_and_silver,
          nicolae_overflow_squiral, overflow_temple_1_default
D:7:      layout_basic, enter_bailey_2, lemuel_flamethrower_1
Bailey:   bailey_polearm_gnolls_kennysheep, bailey

Skill      XL: |  1  2  3  4  5  6  7  8 |
---------------+-------------------------+-----
Fire Magic     | 4 5 7 8 |  8.0
Spellcasting   | 4 6 7 |  7.5
Conjurations   | 2 3 5 8 |  8.0
Dodging        | |  2.4
Stealth        | |  2.4

Action                   |  1- 3 |  4- 6 |  7- 9 || total
-------------------------+-------+-------+-------++-------
Melee: Unarmed           |     1 |       |       ||     1
       Short sword       |       |    65 |    28 ||    93
       Punch             |       |     1 |     1 ||     2
 Cast: Foxfire           |    51 |    77 |    80 ||   208
       Scorch            |       |    11 |    28 ||    39
       Conjure Flame     |       |     4 |       ||     4
       Flame Wave        |       |       |     3 ||     3
  Use: Potion            |       |       |     3 ||     3
       Scroll            |       |       |     1 ||     1
 Stab: Sleeping          |       |    12 |     1 ||    13
Armor: Robe              |    12 |    50 |    12 ||    74
Dodge: Dodged            |    22 |    95 |    40 ||   157
